 Dungeon Crawl Stone Soup version 0.31-a0-691-g409c26aa35 (webtiles) character file.

Game seed: 17451090473975951052

151 oldmanjim the Shooter (level 5, -4/42 HPs)
             Began as a Formicid Hunter on Sept 6, 2023.
             Slain by a gnoll
             ... wielding a +0 flail
              (8 damage)
             ... on level 3 of the Dungeon.
             The game lasted 00:07:17 (1721 turns).

oldmanjim the Shooter (Formicid Hunter)             Turns: 1721, Time: 00:07:17

Health: -4/42      AC:  3    Str: 16    XL:     5   Next: 60%
Magic:  5/5        EV: 12    Int:  8    God:
Gold:   78         SH:  0    Dex: 19    Spells: 4/4 levels left

rFire   . . .        a - +0 shortbow
rCold   . . .        (no shield)
rNeg    . . .        c - +0 leather armour
rPois   .            (helmet unavailable)
rElec   .            (no cloak)
rCorr   .            (no gloves)
SInv    +            (no boots)
Will    .....        (no amulet)
Stlth   +++          (no ring)
HPRegen 0.27/turn    (no ring)
MPRegen 0.09/turn

%: no passive effects
@: no status effects
A: permanent stasis, dig shafts and tunnels, antennae 3, four strong arms
a: Dig, Shaft Self


You were on level 3 of the Dungeon.
You visited 1 branch of the dungeon, and saw 3 of its levels.

You collected 78 gold pieces.

Inventory:

Hand Weapons
 a - a +0 shortbow (weapon)
 b - a +2 dagger of speed
Missiles
 g - 6 javelins
 i - 18 poisoned darts
 l - 16 stones
Armour
 c - a +0 leather armour (worn)
 n - a +0 chain mail
Jewellery
 d - an amulet of faith
Scrolls
 f - 2 scrolls of identify {unknown}
 j - a scroll of vulnerability {unknown}
 k - a scroll of enchant armour {unknown}
 m - a scroll of poison {unknown}
 o - a scroll of butterflies
Potions
 e - a potion of resistance {unknown}
 h - a potion of might {unknown}


   Skills:
 + Level 3.8 Fighting
 + Level 4.9 Ranged Weapons
 - Level 1.7 Dodging
 + Level 3.7 Stealth


You had 4 spell levels left.
You didn't know any spells.
Your spell library was empty.

Dungeon Overview and Level Annotations

Branches:
Dungeon (3/15)

Altars:


Innate Abilities, Weirdness & Mutations

You cannot be hasted, slowed, berserked, paralysed or teleported.
You can dig through walls and to a lower floor.
You have a pair of large antennae on your head. (SInv)
Your four strong arms can wield two-handed weapons with a shield.


Message History

You shoot an arrow. The arrow barely misses the gnoll.
A gnoll comes into view. It is wielding a +0 club.
You shoot an arrow. The arrow hits the gnoll!
The gnoll is severely wounded.
A gnoll comes into view. It is wielding a +0 flail.
The gnoll barely misses you.
You shoot an arrow. The arrow closely misses the gnoll.
The gnoll barely misses you. The gnoll closely misses you.
You shoot an arrow. The arrow hits the gnoll.
You kill the gnoll!
The gnoll closely misses you.
You shoot an arrow. The arrow hits the gnoll.
The gnoll is moderately wounded.
The gnoll barely misses you.
You shoot an arrow. The arrow closely misses the gnoll.
The gnoll barely misses you. The gnoll closely misses you.
You shoot an arrow.
The arrow hits the gnoll but does no damage.
The gnoll is moderately wounded.
The gnoll barely misses you.
You shoot an arrow. The arrow hits the gnoll!
The gnoll is severely wounded.
The gnoll completely misses you. The gnoll barely misses you.
You shoot an arrow. The arrow hits the gnoll.
You kill the gnoll!
The gnoll hits you from afar with a +0 halberd!
You shoot an arrow. The arrow barely misses the gnoll.
The gnoll barely misses you.
You shoot an arrow. The arrow hits the gnoll.
The gnoll is heavily wounded.
The gnoll hits you from afar with a +0 halberd!
You are too injured to fight recklessly!
You are too injured to fight recklessly!
You are too injured to fight recklessly!
The gnoll hits you but does no damage. The gnoll attacks as it pursues you!
The gnoll hits you from afar with a +0 halberd!
* * * LOW HITPOINT WARNING * * *
The gnoll hits you with a +0 flail!
You die...

#. #. ##...## #.<
#.##.#.#.## #..
#.#.##.##.######
####.$####........).)))..
.... ..####.##.##.#####.
#...#)# ###.#.#.######.
#..)#g###......# #....
#...)g.##.###.#####.##)
##....@##.###..........
#............#####....
.........##.##### #..##
######...##.......# #..
.....##..####.. #..
###.#.##..# .. ..#...†.#
##.#####.# #. .#


You could see 2 gnolls.

Vanquished Creatures
  Terence (D:2)
  Natasha (D:1)
  2 adders (D:2)
  2 gnolls (D:3)
  4 orcs (D:3)
  4 bats
  8 endoplasms
  5 giant cockroaches
  6 goblins
  5 hobgoblins
  5 kobolds
  A quokka (D:2)
  6 ball pythons
  3 frilled lizards
  4 rats
57 creatures vanquished.

Notes
Turn   | Place    | Note
-------+----------+-------------------------------------------
     0 | D:1      | oldmanjim the Formicid Hunter began the quest for the Orb.
     0 | D:1      | Reached XP level 1. HP: 16/16 MP: 1/1
    96 | D:1      | Reached XP level 2. HP: 19/23 MP: 2/2
   268 | D:1      | Reached XP level 3. HP: 28/28 MP: 3/3
   688 | D:2      | Noticed Natasha
   699 | D:1      | Killed Natasha
   700 | D:1      | Reached XP level 4. HP: 3/35 MP: 4/4
  1015 | D:2      | Noticed Terence
  1033 | D:2      | Killed Terence
  1034 | D:2      | Reached XP level 5. HP: 7/41 MP: 5/5
  1721 | D:3      | Slain by a gnoll

Illustrated notes

Levels and vault maps discovered:
D:1:      minmay_arrival_five_plusses, layout_basic
D:2:      layout_rooms, grunt_ministairs_8,
          nicolae_concentric_dashed_squares_wild, minmay_misc_feat_x,
          minmay_cupped, uniq_terence, uniq_natasha
D:3:      layout_loops_ring, nicolae_wu_jian_immortal_techniques

Skill      XL: |  1  2  3  4 |
---------------+-------------+-----
Stealth        | 2 3 |  3.7
Fighting       | 3 |  3.8
Ranged Weapons | |  4.9
Dodging        | |  1.7

Action                     |  1- 3 |  4- 6 || total
---------------------------+-------+-------++-------
   Fire: Shortbow          |    76 |   103 ||   179
Ability: Dig               |     4 |       ||     4
 Armour: Leather armour    |    13 |    32 ||    45
  Dodge: Dodged            |    15 |    42 ||    57

Table legend: (Time is in decaauts)
 A = Elapsed time spent in this place.
 B = Non-inter-level travel time spent in this place.
 C = Inter-level travel time spent in this place.
 D = Time resting spent in this place.
 E = Time spent auto-exploring this place.
 F = Levels seen in this place.
 G = Mean time per level.
                   A        B        C        D        E       F      G
               +--------+--------+--------+--------+--------+-----+--------+
         Total |   1758 |   1630 |    128 |    257 |   1042 |   3 |  586.0 |
       Dungeon |   1758 |   1630 |    128 |    257 |   1042 |   3 |  586.0 |
               +--------+--------+--------+--------+--------+-----+--------+

Top non-repeatable levels by time:
     D:1: 839 daAuts
     D:2: 801 daAuts
     D:3: 117 daAuts
